 Dungeon Crawl Stone Soup version 0.25-a0-731-g0472a16d6a (webtiles) character file.

Game seed: 16587325881274917203, levelgen mode: deterministic

236781 Fukker the Hand of Fortune (level 18, -7/148 HPs)
             Began as a Demonspawn Gladiator on Apr 8, 2020.
             Was the Champion of Nemelex Xobeh.
             Shot with a bolt by a yaktaur captain (33 damage)
             ... on level 1 of the Vaults on Apr 9, 2020.
             The game lasted 03:21:53 (46112 turns).

Fukker the Hand of Fortune (Demonspawn Gladiator)  Turns: 46112, Time: 03:21:53

Health: -7/148     AC: 31    Str: 20    XL:     18   Next: 94%
Magic:  30/30      EV: 31    Int: 11    God:    Nemelex Xobeh [******]
Gold:   3683       SH:  0    Dex: 16    Spells: 15/17 levels left

rFire    . . .     SeeInvis +   s - +8 frozen axe "Frostbite" {freezing cloud, *Noise +Fly rC+}
rCold    + . .     Gourm    .   (shield currently unavailable)
rNeg     . . .     Faith    .   N - +2 plate armour "Jomeuble" {rElec}
rPois    +         Spirit   .   h - +2 helmet {SInv}
rElec    +         Reflect  .   p - +2 cloak {+Inv}
rCorr    .         Harm     .   (gloves unavailable)
MR       +....                  H - +1 pair of boots
Stlth    ..........             I - amulet of the acrobat
HPRegen  0.34/turn              J - ring of poison resistance
MPRegen  0.22/turn              (no ring)

@: mighty, agile, acrobat, very slightly contaminated, studying Invocations,
invisible
A: claws 3, icy blue scales 2, demonic guardian 2, powered by pain 3,
augmentation 1
}: 1/15 runes: serpentine
a: Draw Escape, Draw Destruction, Draw Summoning, Draw Stack, Triple Draw, Deal
Four, Stack Five, Renounce Religion, Evoke Flight


You were on level 1 of the Vaults.
You worshipped Nemelex Xobeh.
Nemelex Xobeh was exalted by your worship.
You were not hungry.

You visited 7 branches of the dungeon, and saw 32 of its levels.
You visited the Abyss 1 time.
You also visited: Sewer, Bailey and Gauntlet.

You collected 4129 gold pieces.
You spent 446 gold pieces at shops.

Inventory:

Hand Weapons
 a - the +10 arbalest of Spite {flame, rPois rF- Int-5 Dex+8}
   (You found it in a bailey)

   It causes projectiles fired from it to burn those they strike, causing extra
   injury to most foes and up to half again as much damage against particularly
   susceptible opponents.
   It affects your intelligence (-5).
   It affects your dexterity (+8).
   It makes you vulnerable to fire.
   It protects you from poison.
 s - the +8 frozen axe "Frostbite" (weapon) {freezing cloud, *Noise +Fly rC+}
   (You took it off a minotaur in a Gauntlet)

   It has been specially enchanted to freeze those struck by it, causing extra
   injury to most foes and up to half again as much damage against particularly
   susceptible opponents.
   It can also slow down cold-blooded creatures.
   It protects you from cold.
   It lets you fly.
   It may make noises in combat.
Missiles
 d - 7 throwing nets (quivered)
 C - 24 curare-tipped darts
 V - 299 bolts
Armour
 c - a scarf of resistance
 h - a +2 helmet of see invisible (worn)
 p - a +2 cloak of invisibility (worn)
 t - the +0 ring mail of Tufykhlubb {rElec MP-9 Int+7}
   (You found it on level 1 of the Swamp)

   It affects your intelligence (+7).
   It insulates you from electricity.
   It affects your magic capacity (-9).
 D - +1 ice dragon scales
 H - a +1 pair of boots (worn)
 N - the +2 plate armour "Jomeuble" (worn) {rElec}
   (You found it on level 2 of the Swamp)

   It insulates you from electricity.
 S - +0 fire dragon scales
Jewellery
 b - the ring of the Voivode {+Fly rElec rN+ Str-4}
   (You found it on level 2 of the Lair of Beasts)

   [ring of flight]

   It affects your strength (-4).
   It insulates you from electricity.
   It protects you from negative energy.
   It lets you fly.
 G - an uncursed ring of protection from magic
 I - an amulet of the acrobat (around neck)
 J - a ring of poison resistance (left claw)
Wands
 o - a wand of enslavement (30)
 B - a wand of iceblast (20)
 E - a wand of scattershot (6)
 P - a wand of disintegration (41)
 Q - a wand of acid (6)
 X - a wand of digging (3)
Scrolls
 g - 13 scrolls of remove curse
 j - 4 scrolls of fog
 k - 5 scrolls of fear
 l - a scroll of identify
 m - a scroll of vulnerability
 q - 8 scrolls of teleportation
 r - a scroll of blinking
 v - 4 scrolls of magic mapping
 x - 3 scrolls of enchant armour
 y - 2 scrolls of immolation
 K - a scroll of amnesia
 M - 7 scrolls of enchant weapon
 W - 3 scrolls of summoning
Potions
 e - a potion of mutation
 i - a potion of invisibility
 u - 4 potions of heal wounds
 A - 4 potions of curing
 F - 4 potions of haste
 R - 4 potions of resistance
 T - 2 potions of might
 U - 2 potions of cancellation
 Y - 4 potions of flight
 Z - 3 potions of lignification
Books
 z - a manual of Invocations
Miscellaneous
 n - a lightning rod (4/4)
 w - 2 tins of tremorstones
Comestibles
 f - 37 rations
 L - 6 chunks of flesh


   Skills:
 + Level 14.9 Fighting
 * Level 15.8 Axes
   Level 0.5(10.9) Polearms
   Level 3.9(4.0) Staves
 - Level 12.3 Crossbows
 - Level 5.0 Throwing
 + Level 14.4 Armour
 * Level 7.0 Dodging
 + Level 1.0 Summonings
 + Level 17.3 Invocations
 + Level 5.3 Evocations


You had 15 spell levels left.
You knew the following spells:

 Your Spells              Type           Power        Failure   Level  Hunger
a - Summon Butterflies    Summ           #.......     95%         1    ##.....
b - Animate Skeleton      Necr           N/A          99%         1    ##.....

Your spell library contained the following spells:

 Spells                   Type           Power        Failure   Level  Hunger
 Apportation              Tloc           #.....       99%         1    ##.....
 Corona                   Hex            #......      99%         1    ##.....
 Foxfire                  Conj/Fire      #...         99%         1    ##.....
 Magic Dart               Conj           #...         99%         1    ##.....
 Pain                     Necr           #...         99%         1    ##.....
 Blink                    Tloc           N/A          99%         2    ###....
 Call Imp                 Summ           #.......     99%         2    ###....
 Searing Ray              Conj           #.....       99%         2    ###....
 Slow                     Hex            #.......     99%         2    ###....
 Sublimation of Blood     Necr           #.........   99%         2    ###....
 Conjure Flame            Conj/Fire      #.......     100%        3    ####...
 Dazzling Flash           Conj/Hex       #.....       100%        3    ####...
 Ignite Poison            Fire/Tmut/Pois #.......     100%        3    ####...
 Inner Flame              Hex/Fire       #.......     100%        3    ####...
 Lesser Beckoning         Tloc           #.........   100%        3    ####...
 Mephitic Cloud           Conj/Pois/Air  #.......     100%        3    ####...
 Portal Projectile        Hex/Tloc       #.....       100%        3    ####...
 Tukima's Dance           Hex            #.......     100%        3    ####...
 Vampiric Draining        Necr           #.........   100%        3    ####...
 Animate Dead             Necr           N/A          100%        4    #####..
 Cause Fear               Hex            #.........   100%        4    #####..
 Fulminant Prism          Conj/Hex       #.........   100%        4    #####..
 Ice Form                 Ice/Tmut       #.......     100%        4    #####..
 Iskenderun's Mystic Bla  Conj/Tloc      #.......     100%        4    #####..
 Leda's Liquefaction      Hex/Erth       #.........   100%        4    #####..
 Sticky Flame             Conj/Fire      #.......     100%        4    #####..
 Agony                    Necr           #.......     100%        5    ######.
 Alistair's Intoxication  Tmut/Pois      #.......     100%        5    ######.
 Bolt of Magma            Conj/Fire/Erth #.........   100%        5    ######.
 Fireball                 Conj/Fire      #.........   100%        5    ######.
 Iskenderun's Battlesphe  Conj/Chrm      #.......     100%        5    ######.
 Metabolic Englaciation   Hex/Ice        #.........   100%        5    ######.
 Freezing Cloud           Conj/Ice/Air   #.........   100%        6    #######
 Invisibility             Hex            #.......     100%        6    #######
 Iron Shot                Conj/Erth      #.........   100%        6    #######
 Ozocubu's Refrigeration  Ice            #.........   100%        6    #######
 Simulacrum               Ice/Necr       #.........   100%        6    #######
 Starburst                Conj/Fire      #.........   100%        6    #######
 Orb of Destruction       Conj           #.........   100%        7    #######
 Ring of Flames           Chrm/Fire      #.........   100%        7    #######
 Spellforged Servitor     Conj/Summ      #.........   100%        7    #######
 Ignition                 Fire           #.........   100%        8    #######


Dungeon Overview and Level Annotations

Branches:
Dungeon (15/15)            Temple (1/1) D:5            Lair (6/6) D:8
  Swamp (3/4) Lair:4        Snake (4/4) Lair:4        Slime (0/5) Lair:5
    Orc (2/2) D:10            Elf (0/3) Orc:2        Vaults (1/5) D:13
 Depths (0/5) D:15          Sewer (visited)          Bailey (visited)
Gauntlet (visited)

Altars:
Ashenzari
Cheibriados
Dithmenos
Elyvilon
Fedhas
Gozag
Hepliaklqana
Kikubaaqudgha
Makhleb
Nemelex Xobeh
Okawaru
Qazlal
Ru
Sif Muna
Trog
Uskayaw
Vehumet
Wu Jian
Xom
Yredelemnul
Zin
The Shining One
Jiyva

Shops:
D:5 :   Orc:2 %**(=   Snake:1 (   Snake:3 *(*   Snake:4 :   Vaults:1 *

Portals:
Abyss: Swamp:3
Trove: D:11 (give +5 fire dragon scales)

Annotations:
D:5 Sigmund
D:13 1 exclusion
Swamp:2 1 runed translucent door, Majang's ghost, adept BaIE
Swamp:3 2 transporters, Xid Hih's ghost, adept GnFi


Innate Abilities, Weirdness & Mutations

You have claws for hands.
You are mostly covered in icy blue scales. (AC +3)
A demonic guardian rushes to your aid.
You are powered by pain.
Your magical and physical power is slightly enhanced at high health.


Message History

The yaktaur captain is engulfed in freezing vapours.
The yaktaur captain hits you!
* * * LOW HITPOINT WARNING * * *
You focus on the pain.
You feel agile all of a sudden.
The vault warden hits you from afar with a +1 bardiche.
* * * LOW HITPOINT WARNING * * *
A yaktaur captain comes into view.
Blink to where?
Press: ? - help, Dir - move target cursor You are very lightly contaminated with residual magic.
As you read the scroll of blinking, it crumbles to dust.
You fade into invisibility!
The orc warlord roars a battlecry!
The yaktaur captain wields a +0 arbalest.
The yaktaur captain shoots a bolt.
The bolt hits you!
* * * LOW HITPOINT WARNING * * *
The yaktaur captain shoots a bolt.
The bolt hits you!!
You die...
Your body glows with a rainbow of weird colours and disappears.

##########
###########))......#####
#.........'(.)@........# ##
#.........######.)#....# ...
#.........##....(......# ....
#.........##.#.....###### .....
#.........##.........)#)#po(...
#.........######.....c)o(po....
#.........# ##########..a...
#.........# #'##' #.........#
..


You could see a yaktaur captain.

Vanquished Creatures
  A tentacled monstrosity (Swamp:3)
  Agnes (Snake:1)
  A storm dragon (Vaults:1)
  8 nagarajas
  A fire giant (D:15)
  An orc warlord (Orc:1)
  3 vault wardens (Vaults:1)
  4 ironheart preservers (Vaults:1)
  Nessos (Lair:4)
  An entropy weaver (Gauntlet)
  A minotaur (Gauntlet)
  2 fire dragons
  Snorg (Orc:1)
  The ghost of Kiguq the Sage, a journeyman VSSu of Sif Muna (Lair:5)
  A deep elf high priest (Vaults:1)
  A yaktaur captain (Vaults:1)
  2 ogre magi (Vaults:1)
  2 rakshasas
  5 hydras
  13 naga warriors
  14 vault guards
  A ghost crab (Swamp:3)
  3 death knights
  A catoblepas (Gauntlet)
  4 anacondas
  7 two-headed ogres (Vaults:1)
  Fannar (Lair:2)
  9 alligators
  Erica (Abyss:1)
  6 centaur warriors
  3 orc high priests (Orc:2)
  Urug (Abyss:1)
  16 naga sharpshooters
  3 shock serpents
  Sonja (Orc:1)
  A salamander mystic (Snake:3)
  A deep elf knight (Vaults:1)
  3 large abominations (Abyss:1)
  16 skeletal warriors
  A wretched star (Abyss:1)
  2 deep trolls (Vaults:1)
  2 swamp dragons
  2 deep elf archers (Vaults:1)
  3 unseen horrors
  10 naga ritualists
  A phantasmal warrior (Vaults:1)
  6 harpies (Vaults:1)
  6 deep elf magi
  A wolf spider (Lair:6)
  7 orc knights
  13 ugly things
  A wolf spider zombie (D:14)
  4 ironbrand convokers (Vaults:1)
  8 cyclopes
  2 orc sorcerers (Orc:2)
  18 salamanders
  12 mana vipers
  A moth of wrath (Vaults:1)
  4 manticores
  A guardian serpent (shapeshifter) (Vaults:1)
  8 elephants
  A vault sentinel (Vaults:1)
  An apocalypse crab (Abyss:1)
  5 gargoyles
  5 guardian serpents
  18 naga magi
  26 spiny frogs
  A centaur skeleton (D:15)
  33 black mambas
  10 rime drakes (Lair:5)
  6 freezing wraiths
  5 komodo dragons
  2 yaktaurs (Vaults:1)
  An ancient zyme (Abyss:1)
  3 meliai (D:13)
  8 trolls
  6 tyrant leeches
  A queen bee (Gauntlet)
  A tengu simulacrum (Vaults:1)
  6 hornets
  4 blink frogs (Lair:3)
  8 bog bodies
  11 slime creatures
  A wind drake (Snake:3)
  A hippogriff (shapeshifter) (Vaults:1)
  6 hippogriffs
  2 redbacks (Lair:6)
  5 shadows
  A vampire (D:12)
  2 spriggans (Swamp:2)
  37 yaks
  9 wyverns
  9 wraiths
  4 basilisks
  2 chaos spawn (Abyss:1)
  4 fire bats (D:13)
  5 small abominations (Abyss:1)
  A hungry ghost (D:11)
  6 steam dragons
  8 vampire mosquitoes
  11 insubstantial wisps (Swamp:1)
  3 wargs (Orc:1)
  13 swamp worms
  36 nagas
  4 acid dragons
  19 water moccasins
  7 porcupines
  A hell hound (D:13)
  5 swamp drakes
  A floating eye (Orc:1)
  33 orc warriors
  7 sky beasts
  3 eyes of draining
  A black bear (D:13)
  2 necrophages
  2 phantoms
  3 ice beasts
  26 ogres
  6 boggarts (Vaults:1)
  18 centaurs
  5 wolves
  13 crocodiles
  10 big kobolds
  16 bullfrogs
  Blork the orc (D:5)
  2 wyvern skeletons
  4 scorpions
  A water moccasin skeleton (D:8)
  5 killer bees
  3 wights (D:13)
  A howler monkey (Orc:1)
  3 vampire bats (Lair:3)
  3 crimson imps
  2 bullfrog zombies
  2 centaur zombies
  5 lava snakes (Snake:4)
  3 starcursed masses (Snake:3)
  7 hounds
  6 bullfrog skeletons
  33 orc priests
  2 quasits
  7 jellies
  4 iguanas
  26 orc wizards
  11 worker ants
  A hound zombie (D:11)
  4 hound skeletons
  A howler monkey zombie (D:7)
  A worker ant zombie (D:10)
  5 gnolls
  2 howler monkey skeletons
  11 adders
  A river rat (Sewer)
  5 shadow imps
  2 ufetubi
  6 oozes
  An adder skeleton (D:8)
  2 adder zombies
  12 worms
  3 dart slugs
  8 leopard geckos
  60 orcs
  6 giant cockroaches
  4 hobgoblins
  23 jackals
  34 kobolds
  4 quokkas
  4 ball pythons
  14 bats
  10 frilled lizards
  19 goblins
  2 leopard gecko skeletons (D:4)
  7 rats
  A bush (Lair:6)
  3 fire vortices (D:13)
  3 fungi
  3 plants
  A starspawn tentacle (Abyss:1)
1160 creatures vanquished.

Vanquished Creatures (collateral kills)
  Nikola (Swamp:2)
  A tentacled monstrosity (Vaults:1)
  A tentacled starspawn (Abyss:1)
  A thorn hunter (Swamp:1)
  A nagaraja (Snake:4)
  The ghost of Buleb the Basher, an adept GnFi of Ru (Swamp:1)
  Donald (Orc:1)
  2 vault wardens (Vaults:1)
  An orc warlord (Vaults:1)
  A stone giant (Orc:2)
  A fire dragon (Vaults:1)
  A naga warrior (Snake:4)
  2 vault guards
  2 hydras
  2 centaur warriors
  2 anacondas
  A deep troll shaman (Vaults:1)
  A two-headed ogre (Vaults:1)
  2 ogre magi (Vaults:1)
  A shock serpent (Snake:3)
  An orc high priest (Orc:2)
  A small abomination (Vaults:1)
  Nergalle (Lair:2)
  A deep elf knight (Vaults:1)
  A salamander mystic (Snake:3)
  A skeletal warrior (D:14)
  2 deep trolls (Vaults:1)
  An orc knight (Bailey)
  2 ironbrand convokers (Vaults:1)
  An ugly thing (D:15)
  A harpy (Vaults:1)
  2 salamanders
  A wolf spider (Gauntlet)
  3 elephants (Lair:5)
  A centaur zombie (D:10)
  2 naga magi (Snake:4)
  A spiny frog (Lair:6)
  3 black mambas
  2 yaktaurs (Vaults:1)
  A komodo dragon (Lair:6)
  2 rime drakes (Lair:5)
  2 trolls
  A tyrant leech (Swamp:1)
  A hornet (Lair:6)
  A blink frog (Lair:3)
  2 redbacks (Gauntlet)
  A hippogriff (D:14)
  2 wyverns
  4 yaks
  An insubstantial wisp (Swamp:1)
  A warg (Orc:1)
  A soldier ant (shapeshifter) (D:13)
  5 nagas
  2 water moccasins
  4 orc warriors
  10 ogres
  A phantom (D:13)
  A crocodile (Lair:6)
  A killer bee (D:8)
  4 orc priests
  6 orc wizards
  An iguana (D:5)
  2 jellies
  2 worker ants
  A gnoll (Bailey)
  4 adders
  A leopard gecko (D:5)
  8 orcs
  A hobgoblin (Bailey)
  2 kobolds (Bailey)
  A crawling corpse (Vaults:1)
  2 fungi
133 creatures vanquished.

Vanquished Creatures (others)
  A naga (Snake:4)
  An orc priest (Orc:2)
  An orc wizard (Orc:1)
  An adder (Orc:1)
  3 ball lightnings
  2 orcs
  A hobgoblin (Bailey)
  2 kobolds (Bailey)
  6 fungi
  5 plants
  2 starspawn tentacles (Abyss:1)
25 creatures vanquished.

Grand Total: 1318 creatures vanquished

Notes
Turn   | Place    | Note
-------+----------+-------------------------------------------
     0 | D:1      | Fukker the Demonspawn Gladiator began the quest for the
                  | Orb.
     0 | D:1      | Reached XP level 1. HP: 16/16 MP: 1/1
   239 | D:1      | Gained mutation: You sometimes gain a little power by
                  | taking damage. [demonic ancestry]
   239 | D:1      | Reached XP level 2. HP: 12/22 MP: 2/2
   664 | D:1      | Reached XP level 3. HP: 15/27 MP: 3/3
  1831 | D:2      | Reached skill level 1 in Axes
  1973 | D:2      | Gained mutation: You sometimes gain power by taking damage.
                  | [demonic ancestry]
  1973 | D:2      | Reached XP level 4. HP: 22/33 MP: 4/4
  2314 | D:2      | Found a blossoming altar of Fedhas.
  2779 | D:3      | Found a white marble altar of Elyvilon.
  2928 | D:3      | Noticed a bullfrog
  2933 | D:3      | Killed a bullfrog
  2933 | D:3      | Gained mutation: A weak demonic guardian rushes to your
                  | aid. [demonic ancestry]
  2933 | D:3      | Reached XP level 5. HP: 36/38 MP: 5/5
  3230 | D:4      | Reached XP level 6. HP: 28/44 MP: 6/6
  3475 | D:4      | Reached skill level 5 in Axes
  4087 | D:4      | Found a bloodstained altar of Trog.
  4087 | D:4      | Found an ornate altar of the Wu Jian Council.
  4088 | D:4      | Found a radiant altar of Vehumet.
  4227 | D:5      | Entered Level 5 of the Dungeon
  4238 | D:5      | Gained mutation: You have sharp fingernails. [demonic
                  | ancestry]
  4238 | D:5      | Reached XP level 7. HP: 30/50 MP: 7/7
  4388 | D:5      | Got a transparent tower shield
  4394 | D:5      | Identified the +1 tower shield of Midsummer {MR- Dex+6}
                  | (You found it on level 5 of the Dungeon)
  4774 | D:5      | Found a staircase to the Ecumenical Temple.
  4796 | Temple   | Entered the Ecumenical Temple
  4979 | Temple   | Became a worshipper of Nemelex Xobeh the Trickster
  5064 | D:5      | Noticed Sigmund
  5116 | D:5      | Found a burning altar of Makhleb.
  5116 | D:5      | Found a glowing silver altar of Zin.
  5117 | D:5      | Noticed an angel
  5117 | D:5      | Noticed a balrug
  5124 | D:5      | Noticed Blork the orc
  5137 | D:5      | Killed Blork the orc
  5398 | D:5      | Received a gift from Nemelex Xobeh
  5547 | D:5      | Found Fesaa's Book Shoppe.
  5557 | D:5      | Gained mutation: You are powered by pain. [demonic
                  | ancestry]
  5557 | D:5      | Reached XP level 8. HP: 52/56 MP: 8/8
  5846 | D:5      | Reached skill level 2 in Invocations
  6261 | D:6      | Found a basalt altar of Yredelemnul.
  6261 | D:6      | Found a glowing drain.
  6291 | Sewer    | Entered a sewer
  6436 | Sewer    | Reached skill level 3 in Invocations
  6575 | Sewer    | Reached skill level 4 in Invocations
  6679 | Sewer    | Reached skill level 5 in Invocations
  6679 | Sewer    | Reached skill level 1 in Evocations
  6789 | Sewer    | Reached skill level 6 in Invocations
  6893 | Sewer    | Reached skill level 7 in Invocations
  7050 | D:6      | Reached * piety under Nemelex Xobeh
  7108 | D:6      | Reached skill level 8 in Invocations
  7132 | D:6      | Received a gift from Nemelex Xobeh
  7182 | D:6      | Reached XP level 9. HP: 58/61 MP: 15/15
  7263 | D:6      | Reached skill level 1 in Armour
  7417 | D:6      | Got a warped robe
  7428 | D:6      | Identified the +1 robe "Vecoev" {+Blink MR++} (You found it
                  | on level 6 of the Dungeon)
  9447 | D:8      | Found an iron altar of Okawaru.
  9464 | D:8      | Reached ** piety under Nemelex Xobeh
  9637 | D:8      | Found an iron altar of Okawaru.
  9676 | D:8      | Received a gift from Nemelex Xobeh
  9912 | D:8      | Gained mutation: You are partially covered in icy blue
                  | scales. (AC +2) [demonic ancestry]
  9912 | D:8      | Reached XP level 10. HP: 53/71 MP: 16/16
  9996 | D:8      | Noticed an elephant
 10023 | D:8      | Killed an elephant
 10040 | D:8      | Reached skill level 10 in Axes
 10192 | D:8      | Found a staircase to the Lair.
 10680 | D:9      | Found a shimmering blue altar of Sif Muna.
 10760 | D:9      | Reached *** piety under Nemelex Xobeh
 11531 | D:10     | Entered Level 10 of the Dungeon
 11549 | D:10     | Found a radiant altar of Vehumet.
 11587 | D:10     | Found a flagged portal.
 11599 | Bailey   | Entered a bailey
 11731 | Bailey   | Noticed an orc knight
 11736 | Bailey   | Noticed an orc knight
 11742 | Bailey   | Killed an orc knight
 11743 | Bailey   | Killed an orc knight
 11766 | Bailey   | Reached skill level 9 in Invocations
 11882 | Bailey   | Got a shimmering arbalest
 11884 | Bailey   | Identified the +10 arbalest of Spite {flame, rPois rF-
                  | Int-5 Dex+8} (You found it in a bailey)
 12320 | Lair:1   | Entered Level 1 of the Lair of Beasts
 12320 | Lair:1   | Received a gift from Nemelex Xobeh
 12496 | Lair:1   | Noticed a spiny frog
 12500 | Lair:1   | Killed a spiny frog
 12500 | Lair:1   | Reached skill level 5 in Fighting
 12500 | Lair:1   | Reached skill level 1 in Crossbows
 12787 | Lair:1   | Reached **** piety under Nemelex Xobeh
 12826 | Lair:1   | Noticed a spiny frog
 12831 | Lair:1   | Killed a spiny frog
 12953 | Lair:1   | Received a gift from Nemelex Xobeh
 13021 | Lair:1   | Got a warped fustibalus
 13022 | Lair:1   | Identified the +2 fustibalus of the Battered Allies
                  | {freeze, rN+ Str-4 Stlth+} (You found it on level 1 of the
                  | Lair of Beasts)
 13326 | Lair:2   | Noticed Fannar
 13383 | Lair:2   | Got a heavily runed copper ring
 13384 | Lair:2   | Identified the ring of the Voivode {+Fly rElec rN+ Str-4}
                  | (You found it on level 2 of the Lair of Beasts)
 13488 | Lair:2   | Reached XP level 11. HP: 79/79 MP: 17/17
 13510 | Lair:2   | Noticed Nergalle
 13514 | Lair:2   | Killed Nergalle
 13872 | Lair:2   | Killed Fannar
 13872 | Lair:2   | Reached skill level 5 in Crossbows
 13922 | Lair:2   | Received a gift from Nemelex Xobeh
 14534 | Lair:3   | Learned a level 1 spell: Summon Butterflies
 14615 | Lair:3   | Noticed a five-headed hydra
 14620 | Lair:3   | Killed a five-headed hydra
 14971 | Lair:3   | Got a crude robe
 14982 | Lair:3   | Identified the +1 robe of the Battered Songs {*Slow rElec
                  | rN+ Dex+7} (You found it on level 3 of the Lair of Beasts)
 15400 | Lair:4   | Received a gift from Nemelex Xobeh
 15414 | Lair:4   | Found a staircase to the Swamp.
 15438 | Lair:4   | Reached ***** piety under Nemelex Xobeh
 15557 | Lair:4   | Received a gift from Nemelex Xobeh
 15758 | Lair:4   | Noticed Nessos
 15765 | Lair:4   | Killed Nessos
 16270 | Lair:4   | Reached skill level 1 in Summonings
 16305 | Lair:4   | Gained mutation: You have very sharp fingernails. [demonic
                  | ancestry]
 16305 | Lair:4   | Reached XP level 12. HP: 86/89 MP: 18/18
 16317 | Lair:4   | Found a staircase to the Snake Pit.
 16697 | D:10     | Found a staircase to the Orcish Mines.
 17377 | D:10     | Received a gift from Nemelex Xobeh
 17730 | Orc:1    | Entered Level 1 of the Orcish Mines
 17750 | Orc:1    | Noticed Snorg
 17760 | Orc:1    | Killed Snorg
 18017 | Orc:1    | Noticed an orc warlord
 18034 | Orc:1    | Killed an orc warlord
 18034 | Orc:1    | Reached skill level 10 in Crossbows
 18218 | Orc:2    | Entered Level 2 of the Orcish Mines
 18218 | Orc:2    | Noticed Donald
 18237 | Orc:1    | Killed Donald
 18349 | Orc:2    | Reached skill level 5 in Armour
 18480 | Orc:2    | Noticed a stone giant
 18503 | Orc:2    | Noticed an orc high priest
 18515 | Orc:2    | Found a staircase to the Elven Halls.
 18518 | Orc:1    | Noticed Urug
 18518 | Orc:1    | Noticed Erica
 18531 | Orc:1    | Noticed Sonja
 18543 | Orc:1    | Banished Urug
 18582 | Orc:1    | Banished Erica
 18582 | Orc:1    | Your ally died
 18582 | Orc:1    | Gained mutation: You are mostly covered in icy blue scales.
                  | (AC +3) [demonic ancestry]
 18582 | Orc:1    | Reached XP level 13. HP: 41/98 MP: 20/20
 18803 | Orc:1    | Received a gift from Nemelex Xobeh
 19093 | Orc:2    | Reached skill level 10 in Invocations
 19711 | Orc:2    | Found Laoma's Jewellery Shop.
 19711 | Orc:2    | Found Anoppallub's Assorted Antiques.
 19711 | Orc:2    | Found Jifruh's Assorted Antiques.
 19812 | Orc:2    | Found Sehiukk's Weapon Shop.
 19834 | Orc:2    | Bought a scroll of teleportation for 57 gold pieces
 19834 | Orc:2    | Bought a potion of heal wounds for 95 gold pieces
 19834 | Orc:2    | Bought a scroll of identify for 38 gold pieces
 19834 | Orc:2    | Bought a scroll of identify for 38 gold pieces
 19970 | Orc:2    | Found Qekinn's Food Shop.
 20016 | Orc:2    | Killed a stone giant
 20123 | Orc:2    | Received a gift from Nemelex Xobeh
 20521 | D:11     | Received a gift from Nemelex Xobeh
 20824 | D:11     | Found a portal to a secret trove of treasure.
 21169 | D:12     | Reached skill level 11 in Invocations
 21269 | D:12     | Received a gift from Nemelex Xobeh
 21457 | D:12     | Found an iron altar of Okawaru.
 21873 | D:12     | Received a gift from Nemelex Xobeh
 22674 | Lair:5   | Received a gift from Nemelex Xobeh
 22758 | Lair:5   | Gained mutation: You have claws for hands. [demonic
                  | ancestry]
 22758 | Lair:5   | Reached XP level 14. HP: 72/109 MP: 22/22
 22965 | Lair:5   | Found a staircase to the Slime Pits.
 22967 | Lair:5   | Found a viscous altar of Jiyva.
 23013 | Lair:5   | Reached skill level 10 in Fighting
 23257 | Lair:5   | Found a runed translucent door.
 23261 | Lair:5   | Noticed Kiguq's ghost (journeyman VSSu)
 23295 | Lair:5   | Killed Kiguq's ghost
 23851 | Lair:5   | Received a gift from Nemelex Xobeh
 24419 | Lair:6   | Entered Level 6 of the Lair of Beasts
 24445 | Lair:6   | Reached ****** piety under Nemelex Xobeh
 24966 | Lair:6   | Reached skill level 12 in Invocations
 25098 | Lair:6   | Received a gift from Nemelex Xobeh
 26257 | Lair:6   | Received a gift from Nemelex Xobeh
 26372 | Lair:6   | Identified the +0 hand axe of Mutilation {freeze, *Rage
                  | MP+9 Str+5}
 27606 | Snake:1  | Entered Level 1 of the Snake Pit
 27997 | Snake:1  | Noticed Agnes
 28022 | Snake:1  | Killed Agnes
 28071 | Snake:1  | Gained mutation: A demonic guardian rushes to your aid.
                  | [demonic ancestry]
 28071 | Snake:1  | Reached XP level 15. HP: 117/118 MP: 18/24
 28076 | Snake:1  | Found Vackifi's Antique Weapon Shop.
 28183 | Snake:1  | Received a gift from Nemelex Xobeh
 28555 | Snake:1  | Reached skill level 13 in Invocations
 28916 | Snake:2  | Reached skill level 5 in Dodging
 29079 | Snake:2  | Received a gift from Nemelex Xobeh
 29549 | Snake:2  | Received a gift from Nemelex Xobeh
 29727 | Snake:2  | Noticed a nagaraja
 29781 | Snake:2  | Killed a nagaraja
 30134 | Snake:2  | Received a gift from Nemelex Xobeh
 30191 | Snake:3  | Found Agiju's General Store.
 30198 | Snake:3  | Found Neuneyw's Weapon Emporium.
 30226 | Snake:3  | Found Boaloept's General Store.
 30534 | Snake:3  | Bought a scroll of identify for 30 gold pieces
 30589 | Snake:3  | Reached skill level 10 in Armour
 31094 | Snake:3  | Cast into level 1 of the Abyss (drawing a card)
 31098 | Abyss:1  | Killed Erica
 31161 | Abyss:1  | Received a gift from Nemelex Xobeh
 31209 | Abyss:1  | Noticed a tentacled starspawn
 31215 | Abyss:1  | Killed a tentacled starspawn
 31268 | Abyss:1  | Killed Urug
 31315 | Abyss:1  | Paralysed by accursed screaming for 1 turns
 31322 | Snake:3  | Escaped the Abyss
 31401 | Swamp:1  | Entered Level 1 of the Swamp
 32225 | D:13     | Reached skill level 14 in Invocations
 32237 | D:13     | Reached skill level 5 in Evocations
 32355 | D:13     | Found a gate leading to a gauntlet.
 32412 | Gauntlet | Entered a Gauntlet
 32412 | Gauntlet | Found a transporter.
 32412 | Gauntlet | Found a transporter.
 32617 | Gauntlet | Found a transporter.
 32617 | Gauntlet | Found a transporter.
 32621 | Gauntlet | Found a transporter.
 32621 | Gauntlet | Found a transporter.
 32664 | Gauntlet | Found a transporter.
 32667 | Gauntlet | Found a transporter.
 32681 | Gauntlet | Found a transporter.
 32698 | Gauntlet | Found a transporter.
 32703 | Gauntlet | Received a gift from Nemelex Xobeh
 32713 | Gauntlet | Found a transporter.
 33043 | Gauntlet | Found a transporter.
 33184 | Gauntlet | Got a coiled platinum ring
 33186 | Gauntlet | Identified the ring of Hiolux {Fire SInv} (You found it in
                  | a Gauntlet)
 33314 | Gauntlet | Reached XP level 16. HP: 85/130 MP: 26/26
 33476 | D:13     | Learned a level 1 spell: Animate Skeleton
 33856 | D:13     | Found a gate to the Vaults.
 34171 | D:13     | Received a gift from Nemelex Xobeh
 34972 | D:14     | Found a shadowy altar of Dithmenos.
 34998 | D:14     | Received a gift from Nemelex Xobeh
 35230 | D:14     | Found a sacrificial altar of Ru.
 35489 | D:14     | Received a gift from Nemelex Xobeh
 35493 | D:14     | Identified a scroll of acquirement
 35642 | D:15     | Entered Level 15 of the Dungeon
 36147 | D:15     | Found a staircase to the Depths.
 36218 | D:15     | Received a gift from Nemelex Xobeh
 37448 | Swamp:1  | Got a heavily runed ring mail
 37455 | Swamp:1  | Received a gift from Nemelex Xobeh
 37521 | Swamp:1  | Noticed a thorn hunter
 37527 | Swamp:1  | Killed a thorn hunter
 37801 | Swamp:1  | Identified the +0 ring mail of Tufykhlubb {rElec MP-9
                  | Int+7} (You found it on level 1 of the Swamp)
 38091 | Swamp:1  | Found a runed translucent door.
 38091 | Swamp:1  | Noticed Buleb's ghost (adept GnFi)
 38093 | Swamp:1  | Found the +10 Black Knight's horse barding {ponderous,
                  | rPois rN+}
 38105 | Swamp:1  | Killed Buleb's ghost
 38113 | Swamp:1  | Identified Veloph's Catalogue of Talismans and Black Rites
 38436 | Swamp:2  | Got an amber-encrusted plate armour
 38447 | Swamp:2  | Identified the +2 plate armour "Jomeuble" {rElec} (You
                  | found it on level 2 of the Swamp)
 38447 | Swamp:2  | Noticed Nikola
 38447 | Swamp:2  | You fall into a shaft and drop 1 floor!
 38560 | Swamp:3  | Received a gift from Nemelex Xobeh
 38562 | Swamp:3  | Found a transporter.
 38568 | Swamp:3  | Identified the +9 quarterstaff of Currency {distort, +Inv
                  | +Fly Int+3}
 38568 | Swamp:3  | Noticed Xid Hih's ghost (adept GnFi)
 38571 | Swamp:3  | Found a transporter.
 38571 | Swamp:3  | Noticed a hellephant
 38572 | Swamp:3  | Found a one-way gate to the infinite horrors of the Abyss.
 38590 | Swamp:3  | Reached skill level 15 in Invocations
 38777 | Swamp:3  | Noticed a tentacled monstrosity
 38785 | Swamp:3  | Killed a tentacled monstrosity
 39012 | Swamp:3  | Received a gift from Nemelex Xobeh
 39041 | Swamp:2  | Reached XP level 17. HP: 92/139 MP: 28/28
 39267 | Swamp:2  | Found a runed translucent door.
 39268 | Swamp:2  | Noticed Majang's ghost (adept BaIE)
 39488 | Swamp:2  | Killed Nikola
 39592 | Swamp:2  | Reached skill level 16 in Invocations
 40375 | Snake:3  | Received a gift from Nemelex Xobeh
 41189 | Snake:4  | Entered Level 4 of the Snake Pit
 41189 | Snake:4  | Found Kesuv Asyi's Book Shoppe.
 42120 | Snake:4  | Reached skill level 17 in Invocations
 42375 | Snake:4  | Reached skill level 5 in Throwing
 43051 | Snake:4  | Received a gift from Nemelex Xobeh
 43069 | Snake:4  | Gained mutation: Your magical and physical power is
                  | slightly enhanced at high health. [demonic ancestry]
 43069 | Snake:4  | Reached XP level 18. HP: 143/146 MP: 30/30
 43103 | Snake:4  | Got a serpentine rune of Zot
 43968 | Vaults:1 | Entered Level 1 of the Vaults
 44955 | Vaults:1 | Reached skill level 15 in Axes
 45046 | Vaults:1 | Found Fiysulox's General Store.
 45350 | Vaults:1 | Bought a scroll of identify for 26 gold pieces
 45350 | Vaults:1 | Bought a scroll of teleportation for 39 gold pieces
 45350 | Vaults:1 | Bought a scroll of blinking for 97 gold pieces
 45350 | Vaults:1 | Bought a scroll of identify for 26 gold pieces
 45398 | Vaults:1 | Received a gift from Nemelex Xobeh
 45551 | Vaults:1 | Noticed a tentacled monstrosity
 45555 | Vaults:1 | Killed a tentacled monstrosity
 46038 | Vaults:1 | Received a gift from Nemelex Xobeh
 46107 | Vaults:1 | Identified the ring "Nuupny" {rN+ Stlth-}
 46112 | Vaults:1 | Shot with a bolt by a yaktaur captain

Levels and vault maps discovered:
D:1:      psy_arrival_whirlpool, layout_loops_corners, st_stairs_1
D:2:      layout_loops_ring, marbit_many_paths, serial_bayou_lagoon_a
D:3:      layout_basic, old_standard_altar, serial_glass, glass_columns_a,
          glass_columns_c
D:4:      cheibrodos_old_hovel, layout_cave_pools,
          gammafunk_temple_overflow_claw, first_ration
D:5:      layout_loops_ring, grunt_temple_overflow_order_and_chaos_2,
          minmay_temple_entry_wispy, serial_shops, kennysheep_mini,
          minmay_lizard_king, uniq_sigmund, uniq_blork_the_orc
D:6:      layout_basic, overflow_temple_1_default,
          cheibrodos_sewer_entry_sluice, serial_glass, glass_columns_c,
          glass_columns_c
D:7:      layout_basic, grunt_ogre_cave
D:8:      layout_basic, lemuel_round_altar, david_lair_generic,
          okawaru_ov_weapons_minmay
D:9:      layout_grid_maze, led_sif_pool, minmay_misc_feat_nine_boxes,
          minmay_liquid_box
D:10:     minmay_clustersquares, layout_basic, orc_0_dummy, basic_altar,
          enter_bailey_3
D:11:     layout_big_octagon, enter_trove_5, kennysheep_dice
D:12:     layout_roguey, basic_altar
D:13:     layout_loops_ring, erik_vaults_2, gauntlet_entry_generic,
          hangedman_incinerator
D:14:     layout_long_grid, nicolae_ru_path_of_blood, st_stairs_14,
          nicolae_dithmenos_shadow_blocks
D:15:     grunt_enter_depths_giant_problem, layout_irregular_city,
          minmay_misc_feat_hallway
Temple:   chequers_temple_sunken
Lair:1:   layout_cave_pods
Lair:2:   layout_misc_corridors, infiniplex_staircase_pool_2, uniq_fannar,
          uniq_nergalle
Lair:3:   layout_small_grid, roderic_batcave, chequers_serial_rivers_micro_d
Lair:4:   layout_gridlike, skrybe_swamp_entry_bodies,
          minmay_snake_entry_guardpost_medium, uniq_nessos
Lair:5:   layout_cave_pods, slime_altar_1, ebering_ghost_reflecting_pool,
          bobbens_dragon_lair_wall, grunt_megastairs_1
Lair:6:   hangedman_lair_tendril_chambers, layout_cave_pods,
          guppyfry_lair_end_dragon
Swamp:1:  layout_basic_swamp, ebering_ghost_reflecting_pool,
          evilmike_swamp_ruin_house_1
Swamp:2:  layout_basic_swamp, gammafunk_ghost_grave, serial_swamp_ruin,
          evilmike_swamp_ruin_house_6, evilmike_swamp_ruin_wall,
          evilmike_swamp_ruin_rubble_2, uniq_nikola
Swamp:3:  layout_falls_marsh, gammafunk_ghost_abyssal_escape,
          nicolae_swamp_orc_logging_accident, nicolae_swamp_dense_foliage
Snake:1:  layout_rooms, special_room, serial_shops, shop,
          hangedman_snake_thin_pillar_pass, grunt_ministairs_6, uniq_agnes
Snake:2:  cheibrodos_snake_ritualist_ritual, layout_chambers
Snake:3:  layout_rooms, grunt_ministairs_15, nicolae_coiled_stairwell_down,
          minmay_shop_star
Snake:4:  snake_pit, layout_basic, serial_shops, shop, drop_trap
Orc:1:    layout_caves, special_room [special_room_orc], library_closet,
          uniq_erica, uniq_sonja, uniq_urug, uniq_snorg
Orc:2:    st_orc_mages, layout_caves, serial_shops, shop, rock_pile, uniq_donald
Vaults:1: st_greater_box_5, vaults_room_pools, hangedman_vaults_locks,
          nicolae_vaults_diagonal_hallway_9, dpeg_vaults_monster_box,
          hangedman_vaults_snaps, hangedman_vaults_maws, serial_ice_b,
          vaults_room_grunt_arrival_ludios, vaults_room_pools,
          layout_vaults_omnibox, serial_shops, nicolae_shop_waterfront

Skill      XL: |  1  2  3  4  5  6  7  8  9 10 11 12 13 14 15 16 17 18 |
---------------+-------------------------------------------------------+-----
Staves         | 3 |  3.9
Throwing       | 2 3 5 |  5.0
Axes           | 1 3 4 6 7 9 11 12 14 15 | 15.8
Invocations    | 8 9 11 12 14 15 17 | 17.3
Evocations     | 1 2 3 4 5 |  5.3
Armour         | 3 4 5 7 9 10 11 13 14 | 14.4
Dodging        | 3 4 6 7 |  7.0
Fighting       | 3 5 6 8 9 11 13 14 | 14.9
Crossbows      | 2 8 10 11 12 | 12.3
Summonings     | 1 |  1.0
Polearms       | |  0.5

Action                   |  1- 3 |  4- 6 |  7- 9 | 10-12 | 13-15 | 16-18 || total
-------------------------+-------+-------+-------+-------+-------+-------++-------
Melee: Quarterstaff      |    90 |       |       |       |       |       ||    90
       Hand axe          |    59 |   143 |   363 |       |       |       ||   565
       Battleaxe         |       |       |   141 |   280 |   477 |       ||   898
       Demon trident     |       |       |       |       |     4 |       ||     4
       Executioner's axe |       |       |       |       |       |   613 ||   613
 Fire: Arbalest          |       |       |       |   262 |   693 |   543 ||  1498
Throw: Stone             |     1 |       |       |       |       |       ||     1
       Boomerang         |     1 |    14 |   149 |    46 |    17 |       ||   227
       Throwing net      |       |     1 |       |     5 |     4 |       ||    10
       Dart              |       |       |       |     2 |       |     1 ||     3
 Cast: Summon Butterflie |       |       |       |     1 |       |       ||     1
Invok: Draw Destruction  |       |       |     3 |    23 |    23 |    26 ||    75
       Draw Summoning    |       |       |       |     5 |     7 |     9 ||    21
       Triple Draw       |       |       |       |     1 |     1 |       ||     2
       Draw Escape       |       |       |       |     1 |       |     1 ||     2
       Deal Four         |       |       |       |     1 |       |       ||     1
       Draw Stack        |       |       |       |       |       |     2 ||     2
       Stack Five        |       |       |       |       |       |     1 ||     1
 Abil: Evoke Flight      |       |       |     2 |     1 |       |       ||     3
Evoke: Wand              |       |       |     4 |    18 |     7 |     5 ||    34
       Lightning rod     |       |       |       |     4 |    13 |     4 ||    21
  Use: Potion            |       |     2 |       |     6 |     3 |     9 ||    20
       Scroll            |       |     6 |     4 |    16 |    12 |    13 ||    51
 Stab: Sleeping          |       |     1 |     3 |     2 |       |       ||     6
       Distracted        |       |       |       |       |     4 |     3 ||     7
       Petrifying        |       |       |       |       |       |     1 ||     1
       Petrified         |       |       |       |       |       |     1 ||     1
       Invisible         |       |       |       |       |       |     2 ||     2
  Eat: Chunk             |     3 |     7 |    13 |    18 |    20 |    13 ||    74
       Ration            |       |       |     2 |     3 |     8 |     9 ||    22
Armor: Leather armour    |    56 |    37 |   102 |       |       |       ||   195
       Skin              |       |    33 |       |    40 |       |       ||    73
       Robe              |       |       |    64 |   159 |       |       ||   223
       Scale mail        |       |       |     4 |       |       |       ||     4
       Chain mail        |       |       |       |    23 |   247 |       ||   270
       Fire dragon scale |       |       |       |       |   246 |   145 ||   391
       Plate armour      |       |       |       |       |       |   338 ||   338
Dodge: Dodged            |   123 |    85 |   262 |   319 |   438 |   493 ||  1720
Block: Other             |       |       |       |    24 |    23 |       ||    47
       Reflection        |       |       |       |     1 |       |       ||     1

Table legend:
 A = Non-vault XP
 B = Vault XP
 C = Vault XP percentage of total XP
 D = Non-vault monster count
 E = Vault monster count
 F = Vault count percentage of total count
                 A         B        C        D         E       F
            +---------+---------+-------+---------+---------+-------
      Total |  240087 |  131867 |  35.5 |     897 |     393 |  30.5
            +---------+---------+-------+---------+---------+-------
        D:1 |      57 |       7 |  10.9 |      26 |       3 |  10.3
        D:2 |     104 |       4 |   3.7 |      28 |       1 |   3.4
        D:3 |     141 |       0 |   0.0 |      15 |       0 |   0.0
        D:4 |     313 |     105 |  25.1 |      23 |       1 |   4.2
        D:5 |     815 |     126 |  13.4 |      23 |      11 |  32.4
        D:6 |    1009 |      17 |   1.7 |      19 |       4 |  17.4
        D:7 |    1278 |     125 |   8.9 |      18 |       1 |   5.3
        D:8 |    1131 |     955 |  45.8 |      27 |       4 |  12.9
        D:9 |     654 |       0 |   0.0 |      19 |       0 |   0.0
       D:10 |    2362 |    1855 |  44.0 |      20 |      15 |  42.9
       D:11 |    1645 |     978 |  37.3 |      16 |       2 |  11.1
       D:12 |    9204 |       0 |   0.0 |      41 |       0 |   0.0
       D:13 |   10223 |    8021 |  44.0 |      50 |      13 |  20.6
       D:14 |    8950 |     231 |   2.5 |      24 |       3 |  11.1
       D:15 |   15795 |    1750 |  10.0 |      40 |       1 |   2.4
     Lair:1 |    1541 |       0 |   0.0 |       7 |       0 |   0.0
     Lair:2 |    2184 |    1659 |  43.2 |      14 |       2 |  12.5
     Lair:3 |    3618 |     176 |   4.6 |      14 |      10 |  41.7
     Lair:4 |    1011 |    2777 |  73.3 |       6 |       9 |  60.0
     Lair:5 |    9256 |    6532 |  41.4 |      29 |      16 |  35.6
     Lair:6 |    6227 |   13134 |  67.8 |      26 |      50 |  65.8
    Swamp:1 |   12785 |    1306 |   9.3 |      41 |       1 |   2.4
    Swamp:2 |   15585 |    3049 |  16.4 |      35 |       1 |   2.8
    Swamp:3 |    7614 |       0 |   0.0 |      15 |       0 |   0.0
    Snake:1 |    8956 |    3509 |  28.2 |      19 |       3 |  13.6
    Snake:2 |   13109 |    2849 |  17.9 |      22 |       5 |  18.5
    Snake:3 |   20440 |    1763 |   7.9 |      39 |       3 |   7.1
    Snake:4 |   24203 |   30746 |  56.0 |      56 |      43 |  43.4
      Orc:1 |    2363 |    7670 |  76.4 |      38 |      28 |  42.4
      Orc:2 |    7215 |    5884 |  44.9 |      53 |      47 |  47.0
   Vaults:1 |   43700 |   28128 |  39.2 |      78 |      43 |  35.5
    Abyss:1 |    6599 |    1733 |  20.8 |      16 |       2 |  11.1
      Sewer |       0 |     779 | 100.0 |       0 |      28 | 100.0
     Bailey |       0 |    1291 | 100.0 |       0 |      32 | 100.0
   Gauntlet |       0 |    4708 | 100.0 |       0 |      11 | 100.0
            +---------+---------+-------+---------+---------+-------
